 Dungeon Crawl Stone Soup version 0.23-a0-143-g1adec7b (webtiles) character file.

1 Amnesiac the Caller (level 1, -1/13 HPs)
             Began as a Mummy Summoner on Sept 1, 2018.
             Slain by a rat (2 damage)
             ... on level 1 of the Dungeon.
             The game lasted 00:00:09 (42 turns).

Amnesiac the Caller (Mummy Summoner)                  Turns: 42, Time: 00:00:10

Health: -1/13      AC:  2    Str: 11    XL:     1   Next: 16%
Magic:  2/4        EV: 12    Int: 14    God:
Gold:   13         SH:  0    Dex: 12    Spells: 4/5 levels left

rFire    x . .     SeeInvis .   (no weapon)
rCold    + . .     Gourm    .   (no shield)
rNeg     + + +     Faith    .   a - +0 robe
rPois    ∞         Spirit   .   (no helmet)
rElec    .         Reflect  .   (no cloak)
rCorr    .         Harm     .   (no gloves)
MR       .....                  (no boots)
Stlth    ++........             (no amulet)
HPRegen  0.04/turn              (no ring)
MPRegen  0.09/turn              (no ring)

@: no status effects
A: no food or potions, fire vulnerability, cold resistance 1, negative energy
resistance 3, torment resistance, unbreathing
a: no special abilities


You were on level 1 of the Dungeon.
You were not hungry.

You visited 1 branch of the dungeon, and saw 1 of its levels.

You collected 13 gold pieces.

Inventory:

Armour
 a - a +0 robe (worn)
Scrolls
 b - a scroll of identify {!r, unknown}


   Skills:
 - Level 1.5 Dodging
 - Level 1.5 Stealth
 + Level 2.8 Spellcasting
 - Level 3.2 Summonings


You had 4 spell levels left.
You knew the following spells:

 Your Spells              Type           Power        Failure   Level  Hunger
a - Summon Small Mammal   Summ           ##..         6%          1    N/A

Your spell library contained the following spells:

 Spells                   Type           Power        Failure   Level  Hunger
 Call Imp                 Summ           ##......     9%          2    N/A
 Call Canine Familiar     Summ           ##......     17%         3    N/A
 Summon Guardian Golem    Hex/Summ       #.......     32%         3    N/A
 Summon Ice Beast         Ice/Summ       #.......     73%         4    N/A
 Summon Lightning Spire   Summ/Air       #.......     73%         4    N/A

Dungeon Overview and Level Annotations

Branches:
Dungeon (1/15)

Altars:


Innate Abilities, Weirdness & Mutations

You do not eat or drink.
Your flesh is vulnerable to fire.
You are immune to poison.
Your flesh is cold resistant. (rC+)
You are immune to negative energy. (rN+++)
You are immune to unholy pain and torment.
You can survive without breathing.


Message History

Welcome, Amnesiac the Mummy Summoner.
It is said that the Orb of Zot exists deep within this dungeon.
Press ? for a list of commands and other information.
Found 13 gold pieces.
Found a staircase leading out of the dungeon.
You now have 13 gold pieces.
A rat comes into view.
A rat is nearby!
Casting: Summon Small Mammal (safe; 6% risk of failure)
Confirm with . or Enter, or press ? or * to list all spells.
Casting: Summon Small Mammal (safe; 6% risk of failure)
Confirm with . or Enter, or press ? or * to list all spells.
Found a scroll labeled VOIKHE FETU.
The rat bites you but does no damage.
You hit the rat.
You kill the rat!
You swap places.
b - a scroll labeled VOIKHE FETU {!r} You start resting.
Magic restored.
You start resting.
Magic restored.
A goblin comes into view.
A goblin is nearby!
A goblin is nearby!
You swap places.
The goblin shouts!
You hear a bark!
A jackal and a dart slug come into view.
The dart slug launches a dart at you. The slug dart hits you!
A rat comes into view.
You closely miss the goblin.
A jackal comes into view.
The goblin hits you. The rat bites you.
* * * LOW HITPOINT WARNING * * *
The goblin closely misses you. The rat bites you.
* * * LOW HITPOINT WARNING * * *
The goblin hits your rat.
Your rat dies!
Your rat's corpse disappears in a puff of smoke!
The goblin shouts!
Casting: Summon Small Mammal (safe; 6% risk of failure)
Confirm with . or Enter, or press ? or * to list all spells.
A bat comes into view.
The jackal bites your rat.
Your rat dies!
Your rat's corpse disappears in a puff of smoke!
The goblin dies!
Casting: Summon Small Mammal (safe; 6% risk of failure)
Confirm with . or Enter, or press ? or * to list all spells.
The rat bites you.
You die...

### #### ##<##
##...## #...###
##.....## ##....#
.#.......# ##...#
.........######...#
.#............#...#
#.......#####.#...#
....w.b.bhr@†b....#
.#......h######...#
.......... #...#
..#........ #...# .
##...#.... #...#
..######### #####
.#. .


You could see a dart slug, 2 jackals, a bat, a rat and 2 friendly bats.

Vanquished Creatures
  A rat (D:1)
1 creature vanquished.

Vanquished Creatures (collateral kills)
  A goblin (D:1)
1 creature vanquished.

Grand Total: 2 creatures vanquished

Notes
Turn   | Place    | Note
-------+----------+-------------------------------------------
     0 | D:1      | Amnesiac the Mummy Summoner began the quest for the Orb.
     0 | D:1      | Reached XP level 1. HP: 13/13 MP: 4/4
    42 | D:1      | Slain by a rat

Vault maps used:
D:1:      saegor_arrival_simple_a

Action                   || total
-------------------------++-------
Melee: Unarmed           ||     2
 Cast: Summon Small Mamm ||     4
Armor: Robe              ||     1
Dodge: Dodged            ||     1

Table legend:
 A = Non-vault XP
 B = Vault XP
 C = Vault XP percentage of total XP
 D = Non-vault monster count
 E = Vault monster count
 F = Vault count percentage of total count
                 A         B        C        D         E       F
            +---------+---------+-------+---------+---------+-------
      Total |       2 |       0 |   0.0 |       2 |       0 |   0.0
            +---------+---------+-------+---------+---------+-------
        D:1 |       2 |       0 |   0.0 |       2 |       0 |   0.0
            +---------+---------+-------+---------+---------+-------
